 Dungeon Crawl Stone Soup version 0.21.1-1-g345015f (webtiles) character file.

239 Mirai the Conjurer (level 5, -11/28 HPs)
             Began as a Deep Elf Conjurer on Apr 3, 2018.
             Mangled by Curus's ghost (12 damage)
             ... on level 3 of the Dungeon.
             The game lasted 00:07:34 (2771 turns).

Mirai the Conjurer (Deep Elf Conjurer)              Turns: 2771, Time: 00:07:34

Health: -11/28     AC:  4    Str:  5    XL:     5   Next: 79%
Magic:  10/14      EV: 16    Int: 21    God:
Gold:   121        SH:  0    Dex: 15    Spells: 3/14 levels left

rFire    . . .     SeeInvis .   n - +0 dagger (holy)
rCold    . . .     Gourm    .   (no shield)
rNeg     . . .     Faith    .   a - +0 robe
rPois    .         Spirit   .   i - +1 helmet
rElec    .         Reflect  .   (no cloak)
rCorr    .         Harm     .   (no gloves)
MR       .....                  (no boots)
Stlth    ++........             (no amulet)
HPRegen  0.09/turn              j - +3 ring of evasion
MPRegen  0.14/turn              (no ring)

@: no status effects
A: no striking features
a: no special abilities


You were on level 3 of the Dungeon.
You were not hungry.

You visited 1 branch of the dungeon, and saw 3 of its levels.

You collected 121 gold pieces.

Inventory:

Hand Weapons
 g - a cursed -1 halberd
 n - a +0 dagger of holy wrath (weapon)
Armour
 a - a +0 robe (worn)
 i - a +1 helmet (worn)
Jewellery
 j - a +3 ring of evasion (left hand)
Wands
 l - a wand of disintegration (9)
Scrolls
 d - a scroll of amnesia
 k - 3 scrolls of identify {unknown}
 m - 3 scrolls of teleportation {unknown}
 r - a scroll of magic mapping {unknown}
Potions
 e - a potion of cancellation
 f - a potion of heal wounds
 h - 2 potions of flight
 p - a potion of haste
 q - a potion of curing
 s - a potion of might {unknown}
Books
 b - a book of Conjurations

   Spells                             Type                      Level
   a - Magic Dart                     Conjuration                  1
   b - Searing Ray                    Conjuration                  2
   c - Dazzling Spray                 Conjuration/Hexes            3
   d - Fulminant Prism                Conjuration/Hexes            4
   e - Force Lance                    Conjuration/Translocation    4
   f - Iskenderun's Mystic Blast      Conjuration                  4
Comestibles
 c - 7 rations
 o - 4 chunks of flesh


   Skills:
 + Level 2.9 Dodging
 - Level 2.4 Stealth
 + Level 5.3 Spellcasting
 + Level 5.9 Conjurations
 + Level 1.4 Hexes
 + Level 2.2 Evocations


You had 3 spell levels left.
You knew the following spells:

 Your Spells              Type           Power        Failure   Level  Hunger
a - Magic Dart            Conj           ####         1%          1    None
b - Searing Ray           Conj           ####..       1%          2    None
c - Iskenderun's Mystic   Conj           ####....     9%          4    ####...
d - Fulminant Prism       Conj/Hex       ###.......   22%         4    ####...


Dungeon Overview and Level Annotations

Branches:
Dungeon (3/15)

Altars:

Annotations:
D:3 Curus's ghost, novice HOBe


Message History

Magic restored.
You start resting.
Some of the chunks of flesh in your inventory have rotted away.
HP restored.
You climb downwards.
Level annotation: Curus's ghost, novice HOBe Curus's ghost hits you!
Curus's ghost hits you.
There is a stone staircase leading up, spattered with blood here.
Unknown command.
Casting: Iskenderun's Mystic Blast
Confirm with . or Enter, or press ? or * to list all spells.
Aiming: Iskenderun's Mystic Blast
Press: ? - help, Shift-Dir - straight line, f - Curus's ghost
Aim: Curus's ghost The orb of energy hits Curus's ghost.
The orb of energy explodes!
Curus's ghost hits you!
Ouch! That really hurt!
* * * LOW HITPOINT WARNING * * *
Curus's ghost hits you!
You die...

#..............####..#......#...
#......##.###..#................
#......##.# #..####..##.##..#...
#......##.###...................
#......##.......###.............
#......######...# #.###..#..#...
#......######...###.............
#...........#..W.....##..#..#...
#...........#..@................
#...............................
#........######.####.##..)......
##........#P..P######.##.##..#.#.
.#.......##.PP...#....##.##..#.##
.#.......#PP....##...............
.........#P.P..P#.######.##..#.##
.......(...P#####................
.............#....####...........


You could see Curus's ghost.

Vanquished Creatures
  A bullfrog skeleton (D:3)
  An orc priest (D:3)
  Terence (D:2)
  4 gnolls (D:2)
  4 adders
  An ooze (D:1)
  5 worms
  A dart slug (D:1)
  A leopard gecko (D:3)
  2 orcs (D:3)
  A ball python (D:2)
  7 bats
  3 giant cockroaches
  8 goblins
  7 hobgoblins
  A quokka (D:3)
  10 frilled lizards
  3 kobolds (D:1)
  6 rats
67 creatures vanquished.

Notes
Turn   | Place    | Note
-------+----------+-------------------------------------------
     0 | D:1      | Mirai the Deep Elf Conjurer began the quest for the Orb.
     0 | D:1      | Reached XP level 1. HP: 10/10 MP: 6/6
   239 | D:1      | Reached XP level 2. HP: 15/15 MP: 4/8
   243 | D:1      | Learned a level 2 spell: Searing Ray
   761 | D:2      | Reached skill level 5 in Conjurations
   806 | D:2      | Reached XP level 3. HP: 19/19 MP: 5/10
   980 | D:2      | Reached XP level 4. HP: 5/24 MP: 1/12
  1156 | D:2      | Reached skill level 1 in Evocations
  1195 | D:2      | Noticed Terence
  1226 | D:2      | Killed Terence
  1421 | D:2      | Reached skill level 5 in Spellcasting
  1553 | D:2      | Learned a level 4 spell: Iskenderun's Mystic Blast
  1558 | D:2      | Learned a level 4 spell: Fulminant Prism
  1634 | D:3      | Reached XP level 5. HP: 28/28 MP: 10/14
  1932 | D:3      | Reached skill level 1 in Hexes
  2120 | D:3      | Noticed Curus's ghost (novice HOBe)
  2770 | D:3      | HP: 1/28 [Curus's ghost (14)]
  2771 | D:3      | Mangled by Curus's ghost

Skill      XL: |  1  2  3  4  5 |
---------------+----------------+-----
Spellcasting   | 4 5 |  5.3
Conjurations   | 5 |  5.9
Evocations     | 1 2 |  2.2
Hexes          | 1 |  1.4
Dodging        | |  2.9
Stealth        | |  2.4

Action                   |  1- 3 |  4- 6 || total
-------------------------+-------+-------++-------
Melee: Unarmed           |     3 |       ||     3
       Dagger            |    14 |     4 ||    18
 Cast: Magic Dart        |    50 |    51 ||   101
       Searing Ray       |     2 |    15 ||    17
       Iskenderun's Myst |       |     6 ||     6
Evoke: Wand              |     1 |     1 ||     2
  Use: Potion            |       |     8 ||     8
       Scroll            |       |     2 ||     2
 Stab: Distracted        |     1 |       ||     1
  Eat: Ration            |       |     1 ||     1
       Chunk             |       |     3 ||     3
Armor: Robe              |     3 |     3 ||     6
Dodge: Dodged            |    18 |    26 ||    44
